Montreal Canadiens vs Buffalo Sabres

Created - jeudi 25 octobre 2018 at 19:00

Goals
1 2 3 OT1 T
Montreal Canadiens 0 1 0 0 1
Buffalo Sabres 0 0 1 1 2
Shots
1 2 3 OT1 T
Montreal Canadiens 0 8 21 0 29
Buffalo Sabres 2 6 14 2 24

1st period

No Goal

Penalties :
No Penalty

2nd period

1. Montreal Canadiens , Max Pacioretty 2 (Brendan Gallagher 1, Mikhail Sergachev 3) at 13:06

Penalties :
Chris Wagner (MTL) for Slashing (Minor) at 1:22, Dmitry Kulikov (BUF) for Hooking (Minor) at 13:25, Ryan Kesler (MTL) for Interference (Minor) at 15:54

3rd period

2. Buffalo Sabres , Ryan Nugent-Hopkins 4 (Marco Scandella 1, John Tavares 4) at 4:09

Penalties :
Dmitry Kulikov (BUF) for Hooking (Minor) at 10:06

Overtime #1

3. Buffalo Sabres , Ryan Nugent-Hopkins 5 (John Tavares 5) at 0:24

Penalties :
No Penalty

Goalie Stats

Carey Price (MTL), 22 saves from 24 shots - (0.917), OTL, 3-5-1, 60:24 minutes
Robin Lehner (BUF), 28 saves from 29 shots - (0.966), W, 2-7-1, 60:24 minutes

Players Stats for Montreal Canadiens

Player Name              G  A  P  +/- PIM S  H  SB GA TA FO     MP     PP MP  PK MP  
------------------------------------------------------------------------------------
Alexander Radulov        0  0  0   0  0   3  0  0  0  0  1/1    16:44   2:04   0:00 
Anthony Beauvillier      0  0  0   0  0   0  1  0  0  0  1/3    15:54   1:58   0:00 
Artturi Lehkonen         0  0  0   0  0   1  0  0  0  1  1/2    13:24   0:03   0:00 
Brendan Gallagher        0  1  1  -1  0   0  1  0  0  0  0/2    15:22   1:48   0:00 
Charles Hudon            0  0  0   0  0   1  3  1  1  0  0/1    13:16   0:00   0:00 
Chris Wagner             0  0  0   0  2   2  2  0  1  0  0/0    12:53   0:00   0:59 
Derek Stepan             0  0  0   0  0   0  2  0  1  0  8/12   17:23   2:04   0:38 
Esa Lindell              0  0  0   0  0   0  0  0  1  1  0/0    21:48   2:02   1:31 
Francois Beauchemin      0  0  0   0  0   2  1  0  0  1  0/0    15:33   0:00   0:00 
Greg Pateryn             0  0  0   0  0   0  1  0  0  1  0/0    17:24   0:00   2:27 
Jeff Petry               0  0  0  -1  0   1  0  2  0  4  0/0    21:47   1:56   2:27 
Matt Hendricks           0  0  0   0  0   2  2  0  0  0  0/1    13:51   0:00   2:06 
Max Pacioretty           1  0  1  -1  0   6  2  0  1  0  1/2    17:55   1:51   2:06 
Mikhail Sergachev        0  1  1   0  0   2  2  1  0  0  0/0    19:13   1:56   0:00 
P.K. Subban              0  0  0   0  0   4  3  0  1  1  0/0    22:10   2:02   1:31 
Ryan Kesler              0  0  0   0  2   0  2  0  1  0  3/7    14:29   0:16   0:37 
Tomas Plekanec           0  0  0   0  0   4  2  0  0  0  3/6    13:09   0:00   1:30 
Vladimir Sobotka         0  0  0   0  0   1  2  1  0  0  3/5    14:57   1:50   0:00 

Players Stats for Buffalo Sabres

Player Name              G  A  P  +/- PIM S  H  SB GA TA FO     MP     PP MP  PK MP  
------------------------------------------------------------------------------------
Brendan Guhle            0  0  0   1  0   1  0  2  0  0  0/0    15:09   0:00   0:00 
Casey Nelson             0  0  0   0  0   0  0  2  1  0  0/0    17:29   0:40   2:20 
Curtis Lazar             0  0  0   0  0   3  1  1  0  1  0/0    17:29   0:39   1:48 
Dmitry Kulikov           0  0  0   0  4   0  0  0  0  2  0/0    11:14   0:15   0:00 
Evan Rodrigues           0  0  0  -1  0   0  1  1  1  0  4/11   17:28   1:46   1:59 
Jake McCabe              0  0  0   1  0   0  2  1  0  0  0/0    19:56   2:23   1:38 
Jason Pominville         0  0  0  -1  0   1  1  0  0  0  0/0    14:24   0:38   0:00 
Jesper Fast              0  0  0   1  0   0  3  1  1  0  0/1    16:08   1:28   0:00 
John Tavares             0  2  2   2  0   3  2  1  2  1  13/20  22:37   1:41   1:56 
Justin Bailey            0  0  0   0  0   0  0  0  0  0  0/0     9:49   0:21   0:03 
Marco Scandella          0  1  1   1  0   0  0  2  0  0  0/0    20:02   2:23   1:38 
Marcus Foligno           0  0  0  -1  0   2  2  0  1  0  0/0    15:32   1:46   0:00 
Nicholas Baptiste        0  0  0   0  0   0  2  0  0  0  0/0     9:18   0:00   0:00 
Nicolas Deslauriers      0  0  0   0  0   4  3  1  0  0  0/0    15:50   0:00   0:14 
Rasmus Ristolainen       0  0  0  -1  0   1  3  1  1  1  0/0    23:29   1:19   2:20 
Ryan Nugent-Hopkins      2  0  2   2  0   7  2  0  2  1  0/0    18:58   1:34   1:56 
Tyler Myers              0  0  0  -1  0   0  2  0  0  1  0/0    15:18   1:11   0:00 
Zemgus Girgensons        0  0  0   0  0   2  5  0  0  0  4/10   17:02   1:46   0:00 

3 Stars

1 - Ryan Nugent-Hopkins (BUF)
2 - Robin Lehner (BUF)
3 - John Tavares (BUF)

Power Play

Montreal Canadiens - 0 on 2 Attempt(s) - 0.00%
Buffalo Sabres - 0 on 2 Attempt(s) - 0.00%

Penalty Kill

Montreal Canadiens - 2 on 2 Attempt(s) - 100.00% - Score 0 goal in Penalty Kill
Buffalo Sabres - 2 on 2 Attempt(s) - 100.00% - Score 0 goal in Penalty Kill

Team Stat

Montreal Canadiens - Hits : 26 - Faceoff Wins : 21 - Blocked Shots : 5 - Penalty Minutes : 4
Buffalo Sabres - Hits : 29 - Faceoff Wins : 21 - Blocked Shots : 13 - Penalty Minutes : 4

Official

Referees : Justin St Pierre and Kyle Rehman
Linesman : Brandon Gawryletz and Steve Barton

Game Notes

No Game Note

Finance

Level 1 -- Attendance: 7906 (79.06%) -- Ticket Income fr. 648'292
Level 2 -- Attendance: 1496 (74.80%) -- Ticket Income fr. 98'736
Level 3 -- Attendance: 2412 (68.91%) -- Ticket Income fr. 86'832
Level 4 -- Attendance: 1119 (77.17%) -- Ticket Income fr. 23'499
Luxury Box -- Attendance: 40 (80.00%) -- Ticket Income fr. 8'200
Game was played at the KeyBank Center.
Total Attendance: 12973 (76.31%)
Total Ticket Income: fr. 865'559
Total Income: fr. 865'559

Montreal Canadiens

5 vs 5 Forward 
   Center                   Left Wing                Right Wing               Time % Phy DF OF 
 1 Derek Stepan             Anthony Beauvillier      Alexander Radulov        30     1   2  2  
 2 Vladimir Sobotka         Max Pacioretty           Brendan Gallagher        25     1   2  2  
 3 Ryan Kesler              Charles Hudon            Artturi Lehkonen         25     1   2  2  
 4 Tomas Plekanec           Matt Hendricks           Chris Wagner             20     1   2  2  

5 vs 5 Defense 
   Defense                  Defense                                           Time % Phy DF OF 
 1 Esa Lindell              P.K. Subban                                       35     1   2  2  
 2 Mikhail Sergachev        Jeff Petry                                        35     1   2  2  
 3 Francois Beauchemin      Greg Pateryn                                      30     1   2  2  
 4 Jeff Petry               P.K. Subban                                       0      1   2  2  

PowerPlay Forward 
   Center                   Left Wing                Right Wing               Time % Phy DF OF 
 1 Derek Stepan             Anthony Beauvillier      Alexander Radulov        50     1   2  2  
 2 Vladimir Sobotka         Max Pacioretty           Brendan Gallagher        50     1   2  2  

PowerPlay Defense
   Defense                  Defense                                           Time % Phy DF OF 
 1 Esa Lindell              P.K. Subban                                       50     1   2  2  
 2 Mikhail Sergachev        Jeff Petry                                        50     1   2  2  

Penalty Kill 4 Players Forward 
   Center                   Wing                     Time % Phy DF OF 
 1 Ryan Kesler              Matt Hendricks           50     1   2  2  
 2 Tomas Plekanec           Chris Wagner             50     1   2  2  

Penalty Kill 4 Players Defense
   Defense                  Defense                  Time % Phy DF OF 
 1 Esa Lindell              P.K. Subban              50     1   2  2  
 2 Greg Pateryn             Jeff Petry               50     1   2  2  

Penalty Kill - 3 Players Forward 
   Forward                                           Time % Phy DF OF 
 1 Ryan Kesler                                       50     1   2  2  
 2 Tomas Plekanec                                    50     1   2  2  

Penalty Kill - 3 Players Defense
   Defense                  Defense                  Time % Phy DF OF 
 1 Esa Lindell              P.K. Subban              50     1   2  2  
 2 Greg Pateryn             Jeff Petry               50     1   2  2  

4 vs 4 Forward 
   Center                   Wing                     Time % Phy DF OF 
 1 Ryan Kesler              Max Pacioretty           50     1   2  2  
 2 Derek Stepan             Alexander Radulov        50     1   2  2  

4 vs 4 Defense
   Defense                  Defense                  Time % Phy DF OF 
 1 Esa Lindell              P.K. Subban              50     1   2  2  
 2 Mikhail Sergachev        Jeff Petry               50     1   2  2  

Last Minutes Offensive
   Center                   Left Wing                Right Wing               Defense                  Defense                  
   Derek Stepan             Brendan Gallagher        Alexander Radulov        Jeff Petry               P.K. Subban              

Last Minutes Defensive
   Center                   Left Wing                Right Wing               Defense                  Defense                  
   Ryan Kesler              Matt Hendricks           Tomas Plekanec           Jeff Petry               P.K. Subban              

Goaltenders
Starting : Carey Price              
Backup : Antti Niemi              

Extra Forwards
Normal : Brendan Gallagher, Alexander Radulov, Derek Stepan - PP : Ryan Kesler, Artturi Lehkonen - PK : Max Pacioretty
Extra Defensemen
Normal : P.K. Subban, Jeff Petry, Esa Lindell - PP : Francois Beauchemin - PK : P.K. Subban, Francois Beauchemin
Penalty Shots
Alexander Radulov, Brendan Gallagher, Anthony Beauvillier, Max Pacioretty, Derek Stepan
Custom OT Lines Forwards
Derek Stepan, Alexander Radulov, Brendan Gallagher, Max Pacioretty, Vladimir Sobotka, Anthony Beauvillier, Ryan Kesler, Charles Hudon, Tomas Plekanec, Artturi Lehkonen
Custom OT Lines Defensemen
P.K. Subban, Jeff Petry, Mikhail Sergachev, Esa Lindell, Francois Beauchemin

Scratches
Kenny Agostino (Healthy), Jakub Jerabek (Healthy), Al Montoya (Healthy)

Buffalo Sabres

5 vs 5 Forward 
   Center                   Left Wing                Right Wing               Time % Phy DF OF 
 1 John Tavares             Ryan Nugent-Hopkins      Jesper Fast              30     1   2  2  
 2 Evan Rodrigues           Marcus Foligno           Jason Pominville         30     1   2  2  
 3 Zemgus Girgensons        Curtis Lazar             Nicolas Deslauriers      25     1   2  2  
 4 John Tavares             Justin Bailey            Nicholas Baptiste        15     1   2  2  

5 vs 5 Defense 
   Defense                  Defense                                           Time % Phy DF OF 
 1 Rasmus Ristolainen       Tyler Myers                                       30     1   2  2  
 2 Marco Scandella          Jake McCabe                                       30     1   2  2  
 3 Casey Nelson             Brendan Guhle                                     25     1   2  2  
 4 Rasmus Ristolainen       Dmitry Kulikov                                    15     1   2  2  

PowerPlay Forward 
   Center                   Left Wing                Right Wing               Time % Phy DF OF 
 1 John Tavares             Ryan Nugent-Hopkins      Jesper Fast              50     1   2  2  
 2 Evan Rodrigues           Marcus Foligno           Zemgus Girgensons        50     1   2  2  

PowerPlay Defense
   Defense                  Defense                                           Time % Phy DF OF 
 1 Rasmus Ristolainen       Tyler Myers                                       50     1   2  2  
 2 Marco Scandella          Jake McCabe                                       50     1   2  2  

Penalty Kill 4 Players Forward 
   Center                   Wing                     Time % Phy DF OF 
 1 John Tavares             Ryan Nugent-Hopkins      50     1   2  2  
 2 Evan Rodrigues           Curtis Lazar             50     1   2  2  

Penalty Kill 4 Players Defense
   Defense                  Defense                  Time % Phy DF OF 
 1 Rasmus Ristolainen       Casey Nelson             50     1   2  2  
 2 Marco Scandella          Jake McCabe              50     1   2  2  

Penalty Kill - 3 Players Forward 
   Forward                                           Time % Phy DF OF 
 1 John Tavares                                      50     1   2  2  
 2 Ryan Nugent-Hopkins                               50     1   2  2  

Penalty Kill - 3 Players Defense
   Defense                  Defense                  Time % Phy DF OF 
 1 Rasmus Ristolainen       Tyler Myers              50     1   2  2  
 2 Marco Scandella          Jake McCabe              50     1   2  2  

4 vs 4 Forward 
   Center                   Wing                     Time % Phy DF OF 
 1 John Tavares             Ryan Nugent-Hopkins      50     1   2  2  
 2 Nicolas Deslauriers      Jesper Fast              50     1   2  2  

4 vs 4 Defense
   Defense                  Defense                  Time % Phy DF OF 
 1 Rasmus Ristolainen       Brendan Guhle            50     1   2  2  
 2 Marco Scandella          Jake McCabe              50     1   2  2  

Last Minutes Offensive
   Center                   Left Wing                Right Wing               Defense                  Defense                  
   John Tavares             Ryan Nugent-Hopkins      Jesper Fast              Rasmus Ristolainen       Tyler Myers              

Last Minutes Defensive
   Center                   Left Wing                Right Wing               Defense                  Defense                  
   John Tavares             Ryan Nugent-Hopkins      Jesper Fast              Rasmus Ristolainen       Tyler Myers              

Goaltenders
Starting : Robin Lehner             
Backup : Linus Ullmark            

Extra Forwards
Normal : Zemgus Girgensons, Curtis Lazar, Nicolas Deslauriers - PP : Zemgus Girgensons, Curtis Lazar - PK : Nicolas Deslauriers
Extra Defensemen
Normal : Casey Nelson, Brendan Guhle, Marco Scandella - PP : Casey Nelson - PK : Brendan Guhle, Marco Scandella
Penalty Shots
John Tavares, Ryan Nugent-Hopkins, Marcus Foligno, Zemgus Girgensons, Evan Rodrigues
Custom OT Lines Forwards
John Tavares, Ryan Nugent-Hopkins, Jesper Fast, Jason Pominville, Evan Rodrigues, Marcus Foligno, Zemgus Girgensons, Curtis Lazar, Nicolas Deslauriers, Justin Bailey
Custom OT Lines Defensemen
Rasmus Ristolainen, Brendan Guhle, Marco Scandella, Jake McCabe, Casey Nelson

Scratches
Filip Chlapik (Healthy)

% Time on Ice - Montreal Canadiens

Lines # - Real PCT - Wanted PCT - Time Play
Normal Forward
1 - 27% - 30% - 14:11
2 - 26% - 25% - 13:18
3 - 26% - 25% - 13:35
4 - 21% - 20% - 11:00
Normal Defense
1 - 33% - 35% - 17:13
2 - 35% - 35% - 18:16
3 - 30% - 30% - 15:33
4 - 2% - 0% - 1:02
PP Forward
1 - 53% - 50% - 2:07
2 - 47% - 50% - 1:51
PP Defense
1 - 51% - 50% - 2:02
2 - 49% - 50% - 1:56
PK Forward
1 - 51% - 50% - 2:02
2 - 49% - 50% - 1:56
PK Defense
1 - 38% - 50% - 1:31
2 - 62% - 50% - 2:27
PK3 Forward
1 - 0% - 50%
2 - 0% - 50%
PK3 Defense
1 - 0% - 50%
2 - 0% - 50%
44 Forward
1 - 0% - 50%
2 - 0% - 50%
44 Defense
1 - 0% - 50%
2 - 0% - 50%
Last Minute Offensive  - 0:00
Last Minute Defensive  - 0:00
Total
Forward - 60:00
Defense - 60:00

% Time on Ice - Buffalo Sabres

Lines # - Real PCT - Wanted PCT - Time Play
Normal Forward
1 - 28% - 30% - 14:48
2 - 27% - 30% - 14:14
3 - 27% - 25% - 13:49
4 - 18% - 15% - 9:13
Normal Defense
1 - 28% - 30% - 14:26
2 - 30% - 30% - 15:36
3 - 26% - 25% - 13:34
4 - 16% - 15% - 8:28
PP Forward
1 - 47% - 50% - 1:51
2 - 53% - 50% - 2:07
PP Defense
1 - 40% - 50% - 1:35
2 - 60% - 50% - 2:23
PK Forward
1 - 49% - 50% - 1:56
2 - 51% - 50% - 2:02
PK Defense
1 - 59% - 50% - 2:20
2 - 41% - 50% - 1:38
PK3 Forward
1 - 0% - 50%
2 - 0% - 50%
PK3 Defense
1 - 0% - 50%
2 - 0% - 50%
44 Forward
1 - 0% - 50%
2 - 0% - 50%
44 Defense
1 - 0% - 50%
2 - 0% - 50%
Last Minute Offensive  - 0:00
Last Minute Defensive  - 0:00
Total
Forward - 60:00
Defense - 60:00

Play by Play

1st period


0:01 of 1st period - John Tavares wins face-off versus Derek Stepan in neutral zone.
0:14 of 1st period - Snap shot by John Tavares.
0:14 of 1st period - Stopped by Carey Price with a rebound.
0:22 of 1st period - Alexander Radulov is hit by Jesper Fast.
1:05 of 1st period - Mikhail Sergachev is hit by Nicolas Deslauriers and loses puck.
1:17 of 1st period - Slapshot by Nicolas Deslauriers.
1:17 of 1st period - Stopped by Carey Price with a rebound.
2:18 of 1st period - Wrist shot by Brendan Gallagher.
2:18 of 1st period - Shot Misses the Net.
2:26 of 1st period - Max Pacioretty is hit by Nicolas Deslauriers and loses puck.
2:45 of 1st period - Snap shot by Zemgus Girgensons.
2:45 of 1st period - Shot Blocked by Jeff Petry.
2:48 of 1st period - Icing by Max Pacioretty.
2:49 of 1st period - Vladimir Sobotka wins face-off versus Evan Rodrigues in Montreal Canadiens zone.
2:49 of 1st period - Vladimir Sobotka is hit by Marcus Foligno.
2:59 of 1st period - Off-side.
3:00 of 1st period - John Tavares wins face-off versus Charles Hudon in neutral zone.
3:52 of 1st period - Esa Lindell is hit by Nicholas Baptiste and loses puck.
4:19 of 1st period - Marcus Foligno is hit by Chris Wagner and loses puck.
4:55 of 1st period - Evan Rodrigues is hit by Matt Hendricks and loses puck.
6:27 of 1st period - Chris Wagner is hit by Tyler Myers and loses puck.
7:37 of 1st period - Artturi Lehkonen is hit by Zemgus Girgensons and loses puck.
9:36 of 1st period - Alexander Radulov is hit by Curtis Lazar.
10:39 of 1st period - Artturi Lehkonen is hit by Rasmus Ristolainen and loses puck.
14:10 of 1st period - Alexander Radulov is hit by Zemgus Girgensons.
14:26 of 1st period - Chris Wagner is hit by Nicholas Baptiste.
18:41 of 1st period - Francois Beauchemin is hit by Ryan Nugent-Hopkins and loses puck.
Goals for this period are 0 for Montreal Canadiens vs 0 for Buffalo Sabres.
Shots for this period are 0 for Montreal Canadiens vs 2 for Buffalo Sabres.

2nd period


0:01 of 2nd period - John Tavares wins face-off versus Derek Stepan in neutral zone.
0:16 of 2nd period - Snap shot by Ryan Nugent-Hopkins.
0:16 of 2nd period - Shot Misses the Net.
0:52 of 2nd period - Tyler Myers is hit by Greg Pateryn and loses puck.
1:01 of 2nd period - Wrist shot by Max Pacioretty.
1:01 of 2nd period - Shot Blocked by Jesper Fast.
1:03 of 2nd period - Slapshot by Jeff Petry.
1:03 of 2nd period - Shot Blocked by John Tavares.
1:05 of 2nd period - Slapshot by Max Pacioretty.
1:05 of 2nd period - Stopped by Robin Lehner with a rebound.
1:14 of 2nd period - Rasmus Ristolainen is hit by Chris Wagner and loses puck.
1:22 of 2nd period - Minor Penalty to Chris Wagner for Slashing.
1:23 of 2nd period - Evan Rodrigues wins face-off versus Ryan Kesler in Montreal Canadiens zone.
1:29 of 2nd period - Wrist shot by Evan Rodrigues.
1:29 of 2nd period - Shot Misses the Net.
3:22 of 2nd period - Penalty to Chris Wagner is over, Chris Wagner is back on ice.
3:35 of 2nd period - Casey Nelson is hit by Ryan Kesler and loses puck.
3:49 of 2nd period - Nicholas Baptiste is hit by Anthony Beauvillier.
4:15 of 2nd period - Marcus Foligno is hit by Ryan Kesler.
4:55 of 2nd period - Marco Scandella is hit by P.K. Subban and loses puck.
5:06 of 2nd period - Nicolas Deslauriers is hit by Charles Hudon and loses puck.
5:17 of 2nd period - Jake McCabe is hit by Derek Stepan and loses puck.
5:28 of 2nd period - Jake McCabe is hit by Vladimir Sobotka and loses puck.
5:39 of 2nd period - Wrist shot by Zemgus Girgensons.
5:39 of 2nd period - Deflect By Nicolas Deslauriers.
5:39 of 2nd period - Stopped by Carey Price without a rebound.
5:40 of 2nd period - Tomas Plekanec wins face-off versus Evan Rodrigues in Montreal Canadiens zone.
6:05 of 2nd period - Charles Hudon is hit by Rasmus Ristolainen.
6:09 of 2nd period - Wrist shot by Jeff Petry.
6:09 of 2nd period - Shot Misses the Net.
6:52 of 2nd period - Snap shot by Alexander Radulov.
6:52 of 2nd period - Stopped by Robin Lehner with a rebound.
7:55 of 2nd period - Snap shot by Alexander Radulov.
7:55 of 2nd period - Stopped by Robin Lehner with a rebound.
8:31 of 2nd period - Snap shot by Mikhail Sergachev.
8:31 of 2nd period - Stopped by Robin Lehner with a rebound.
8:43 of 2nd period - John Tavares is hit by P.K. Subban and loses puck.
8:52 of 2nd period - Wrist shot by Alexander Radulov.
8:52 of 2nd period - Shot Misses the Net.
9:12 of 2nd period - Brendan Guhle is hit by P.K. Subban and loses puck.
9:25 of 2nd period - Slapshot by Esa Lindell.
9:25 of 2nd period - Deflect By Artturi Lehkonen.
9:25 of 2nd period - Shot Misses the Net.
9:25 of 2nd period - Puck is out of play.
9:26 of 2nd period - Evan Rodrigues wins face-off versus Artturi Lehkonen in Buffalo Sabres zone.
9:37 of 2nd period - Marcus Foligno is hit by Charles Hudon and loses puck.
9:50 of 2nd period - Jason Pominville is hit by Matt Hendricks.
9:58 of 2nd period - Slapshot by Marcus Foligno.
9:58 of 2nd period - Stopped by Carey Price without a rebound.
9:59 of 2nd period - Derek Stepan wins face-off versus John Tavares in Montreal Canadiens zone.
10:34 of 2nd period - Slapshot by Curtis Lazar.
10:34 of 2nd period - Stopped by Carey Price with a rebound.
10:46 of 2nd period - Icing by Jeff Petry.
10:47 of 2nd period - John Tavares wins face-off versus Matt Hendricks in Montreal Canadiens zone.
10:48 of 2nd period - Slapshot by Rasmus Ristolainen.
10:48 of 2nd period - Stopped by Carey Price without a rebound.
10:49 of 2nd period - John Tavares wins face-off versus Tomas Plekanec in Montreal Canadiens zone.
10:54 of 2nd period - Snap shot by Ryan Nugent-Hopkins.
10:54 of 2nd period - Stopped by Carey Price without a rebound.
10:55 of 2nd period - Derek Stepan wins face-off versus John Tavares in Montreal Canadiens zone.
11:10 of 2nd period - Snap shot by John Tavares.
11:10 of 2nd period - Deflect By Ryan Nugent-Hopkins.
11:10 of 2nd period - Shot Misses the Net.
11:10 of 2nd period - Puck is out of play.
11:11 of 2nd period - Vladimir Sobotka wins face-off versus Evan Rodrigues in Montreal Canadiens zone.
11:16 of 2nd period - Snap shot by Max Pacioretty.
11:16 of 2nd period - Stopped by Robin Lehner with a rebound.
11:22 of 2nd period - Wrist shot by Max Pacioretty.
11:22 of 2nd period - Stopped by Robin Lehner with a rebound.
11:24 of 2nd period - Slapshot by P.K. Subban.
11:24 of 2nd period - Stopped by Robin Lehner without a rebound.
11:25 of 2nd period - Derek Stepan wins face-off versus John Tavares in Buffalo Sabres zone.
12:39 of 2nd period - Tomas Plekanec is hit by Jake McCabe and loses puck.
13:06 of 2nd period - Snap shot by Max Pacioretty.
13:06 of 2nd period - Goal by Max Pacioretty - Montreal Canadiens : 1 - Buffalo Sabres : 0.
13:07 of 2nd period - John Tavares wins face-off versus Derek Stepan in neutral zone.
13:25 of 2nd period - Minor Penalty to Dmitry Kulikov for Hooking.
13:26 of 2nd period - Derek Stepan wins face-off versus John Tavares in Buffalo Sabres zone.
13:34 of 2nd period - Snap shot by Alexander Radulov.
13:34 of 2nd period - Shot Blocked by Rasmus Ristolainen.
15:25 of 2nd period - Penalty to Dmitry Kulikov is over, Dmitry Kulikov is back on ice.
15:54 of 2nd period - Minor Penalty to Ryan Kesler for Interference.
15:55 of 2nd period - John Tavares wins face-off versus Max Pacioretty in Montreal Canadiens zone.
15:59 of 2nd period - Wrist shot by Ryan Nugent-Hopkins.
15:59 of 2nd period - Stopped by Carey Price with a rebound.
16:01 of 2nd period - Snap shot by Jesper Fast.
16:01 of 2nd period - Shot Misses the Net.
16:19 of 2nd period - Tomas Plekanec is hit by Zemgus Girgensons and loses puck.
16:24 of 2nd period - Wrist shot by Evan Rodrigues.
16:24 of 2nd period - Deflect By Marcus Foligno.
16:24 of 2nd period - Shot Blocked by Jeff Petry.
16:24 of 2nd period - Puck is out of play.
16:25 of 2nd period - Max Pacioretty wins face-off versus Evan Rodrigues in Montreal Canadiens zone.
16:25 of 2nd period - Max Pacioretty is hit by Rasmus Ristolainen.
16:57 of 2nd period - Snap shot by Max Pacioretty.
16:57 of 2nd period - Shot Misses the Net.
17:54 of 2nd period - Penalty to Ryan Kesler is over, Ryan Kesler is back on ice.
18:27 of 2nd period - Wrist shot by Derek Stepan.
18:27 of 2nd period - Shot Blocked by Casey Nelson.
19:07 of 2nd period - Rasmus Ristolainen is hit by Tomas Plekanec and loses puck.
19:24 of 2nd period - Marcus Foligno is hit by Derek Stepan and loses puck.
19:47 of 2nd period - Francois Beauchemin is hit by Nicolas Deslauriers and loses puck.
19:58 of 2nd period - Jesper Fast is hit by Vladimir Sobotka and loses puck.
Goals for this period are 1 for Montreal Canadiens vs 0 for Buffalo Sabres.
Shots for this period are 8 for Montreal Canadiens vs 6 for Buffalo Sabres.

3rd period


0:01 of 3rd period - John Tavares wins face-off versus Derek Stepan in neutral zone.
0:04 of 3rd period - P.K. Subban is hit by Jake McCabe and loses puck.
0:13 of 3rd period - Snap shot by John Tavares.
0:13 of 3rd period - Stopped by Carey Price with a rebound.
0:15 of 3rd period - Wrist shot by John Tavares.
0:15 of 3rd period - Stopped by Carey Price with a rebound.
0:25 of 3rd period - Evan Rodrigues is hit by Max Pacioretty and loses puck.
0:31 of 3rd period - Marco Scandella is hit by Brendan Gallagher and loses puck.
0:48 of 3rd period - Snap shot by Nicolas Deslauriers.
0:48 of 3rd period - Stopped by Carey Price without a rebound.
0:49 of 3rd period - Derek Stepan wins face-off versus Zemgus Girgensons in Montreal Canadiens zone.
0:49 of 3rd period - Derek Stepan is hit by Tyler Myers.
1:19 of 3rd period - Snap shot by Tomas Plekanec.
1:19 of 3rd period - Stopped by Robin Lehner without a rebound.
1:20 of 3rd period - John Tavares wins face-off versus Tomas Plekanec in Buffalo Sabres zone.
1:55 of 3rd period - Wrist shot by Derek Stepan.
1:55 of 3rd period - Deflect By Alexander Radulov.
1:55 of 3rd period - Stopped by Robin Lehner without a rebound.
1:56 of 3rd period - Ryan Kesler wins face-off versus Zemgus Girgensons in Buffalo Sabres zone.
2:21 of 3rd period - P.K. Subban is hit by Jesper Fast and loses puck.
2:28 of 3rd period - Wrist shot by John Tavares.
2:28 of 3rd period - Shot Misses the Net.
2:48 of 3rd period - Snap shot by Max Pacioretty.
2:48 of 3rd period - Stopped by Robin Lehner with a rebound.
2:50 of 3rd period - Snap shot by Brendan Gallagher.
2:50 of 3rd period - Deflect By Vladimir Sobotka.
2:50 of 3rd period - Stopped by Robin Lehner without a rebound.
2:51 of 3rd period - Vladimir Sobotka wins face-off versus Zemgus Girgensons in Buffalo Sabres zone.
2:52 of 3rd period - Snap shot by Max Pacioretty.
2:52 of 3rd period - Deflect By Nicolas Deslauriers.
2:52 of 3rd period - Shot Misses the Net.
2:52 of 3rd period - Puck is out of play.
2:53 of 3rd period - Derek Stepan wins face-off versus Zemgus Girgensons in Buffalo Sabres zone.
3:40 of 3rd period - Wrist shot by Ryan Nugent-Hopkins.
3:40 of 3rd period - Stopped by Carey Price with a rebound.
3:52 of 3rd period - Marco Scandella is hit by Max Pacioretty and loses puck.
4:03 of 3rd period - Snap shot by Ryan Nugent-Hopkins.
4:03 of 3rd period - Shot Misses the Net.
4:05 of 3rd period - Slapshot by Marco Scandella.
4:05 of 3rd period - Shot Blocked by Vladimir Sobotka.
4:09 of 3rd period - Wrist shot by Ryan Nugent-Hopkins.
4:09 of 3rd period - Goal by Ryan Nugent-Hopkins - Montreal Canadiens : 1 - Buffalo Sabres : 1.
4:10 of 3rd period - Evan Rodrigues wins face-off versus Anthony Beauvillier in neutral zone.
4:19 of 3rd period - Slapshot by Evan Rodrigues.
4:19 of 3rd period - Shot Misses the Net.
4:21 of 3rd period - Slapshot by Jason Pominville.
4:21 of 3rd period - Stopped by Carey Price with a rebound.
4:23 of 3rd period - Snap shot by Evan Rodrigues.
4:23 of 3rd period - Deflect By Marcus Foligno.
4:23 of 3rd period - Stopped by Carey Price without a rebound.
4:24 of 3rd period - Artturi Lehkonen wins face-off versus Jesper Fast in Montreal Canadiens zone.
4:37 of 3rd period - Slapshot by P.K. Subban.
4:37 of 3rd period - Stopped by Robin Lehner without a rebound.
4:38 of 3rd period - Derek Stepan wins face-off versus Evan Rodrigues in Buffalo Sabres zone.
5:13 of 3rd period - Ryan Nugent-Hopkins is hit by Charles Hudon and loses puck.
6:24 of 3rd period - Brendan Guhle is hit by Mikhail Sergachev and loses puck.
6:46 of 3rd period - Snap shot by Ryan Nugent-Hopkins.
6:46 of 3rd period - Stopped by Carey Price with a rebound.
7:20 of 3rd period - Wrist shot by Max Pacioretty.
7:20 of 3rd period - Shot Misses the Net.
7:58 of 3rd period - Snap shot by P.K. Subban.
7:58 of 3rd period - Stopped by Robin Lehner with a rebound.
8:00 of 3rd period - Wrist shot by Chris Wagner.
8:00 of 3rd period - Shot Blocked by Brendan Guhle.
8:02 of 3rd period - Slapshot by Francois Beauchemin.
8:02 of 3rd period - Stopped by Robin Lehner without a rebound.
8:03 of 3rd period - Evan Rodrigues wins face-off versus Vladimir Sobotka in Buffalo Sabres zone.
8:03 of 3rd period - Evan Rodrigues is hit by Francois Beauchemin.
8:27 of 3rd period - Anthony Beauvillier is hit by Ryan Nugent-Hopkins and loses puck.
8:45 of 3rd period - Off-side.
8:46 of 3rd period - Tomas Plekanec wins face-off versus John Tavares in neutral zone.
8:57 of 3rd period - Marco Scandella is hit by Mikhail Sergachev and loses puck.
9:16 of 3rd period - Snap shot by Mikhail Sergachev.
9:16 of 3rd period - Stopped by Robin Lehner with a rebound.
9:18 of 3rd period - Backhand shot by Tomas Plekanec.
9:18 of 3rd period - Stopped by Robin Lehner with a rebound.
9:20 of 3rd period - Backhand shot by Jeff Petry.
9:20 of 3rd period - Stopped by Robin Lehner with a rebound.
9:22 of 3rd period - Wrist shot by Tomas Plekanec.
9:22 of 3rd period - Shot Blocked by Marco Scandella.
9:24 of 3rd period - Slapshot by Jeff Petry.
9:24 of 3rd period - Shot Blocked by Nicolas Deslauriers.
9:43 of 3rd period - Slapshot by Matt Hendricks.
9:43 of 3rd period - Stopped by Robin Lehner with a rebound.
9:45 of 3rd period - Wrist shot by Matt Hendricks.
9:45 of 3rd period - Shot Blocked by Jake McCabe.
9:47 of 3rd period - Snap shot by Chris Wagner.
9:47 of 3rd period - Stopped by Robin Lehner with a rebound.
9:49 of 3rd period - Snap shot by Matt Hendricks.
9:49 of 3rd period - Shot Blocked by Marco Scandella.
9:51 of 3rd period - Snap shot by Matt Hendricks.
9:51 of 3rd period - Stopped by Robin Lehner without a rebound.
9:52 of 3rd period - Anthony Beauvillier wins face-off versus John Tavares in Buffalo Sabres zone.
10:04 of 3rd period - Wrist shot by Derek Stepan.
10:04 of 3rd period - Shot Misses the Net.
10:06 of 3rd period - Minor Penalty to Dmitry Kulikov for Hooking.
10:07 of 3rd period - John Tavares wins face-off versus Vladimir Sobotka in Buffalo Sabres zone.
10:16 of 3rd period - Slapshot by P.K. Subban.
10:16 of 3rd period - Stopped by Robin Lehner with a rebound.
10:18 of 3rd period - Snap shot by Max Pacioretty.
10:18 of 3rd period - Shot Blocked by Curtis Lazar.
10:20 of 3rd period - Snap shot by Max Pacioretty.
10:20 of 3rd period - Shot Blocked by Casey Nelson.
10:22 of 3rd period - Wrist shot by Max Pacioretty.
10:22 of 3rd period - Stopped by Robin Lehner with a rebound.
10:51 of 3rd period - Vladimir Sobotka is hit by Evan Rodrigues.
12:06 of 3rd period - Penalty to Dmitry Kulikov is over, Dmitry Kulikov is back on ice.
12:19 of 3rd period - Artturi Lehkonen is hit by Marcus Foligno and loses puck.
12:45 of 3rd period - Snap shot by Matt Hendricks.
12:45 of 3rd period - Shot Blocked by Brendan Guhle.
12:47 of 3rd period - Slapshot by Chris Wagner.
12:47 of 3rd period - Deflect By Matt Hendricks.
12:47 of 3rd period - Shot Misses the Net.
12:47 of 3rd period - Puck is out of play.
12:48 of 3rd period - Tomas Plekanec wins face-off versus Zemgus Girgensons in Buffalo Sabres zone.
13:19 of 3rd period - Wrist shot by Marcus Foligno.
13:19 of 3rd period - Shot Misses the Net.
13:26 of 3rd period - Icing by Jeff Petry.
13:27 of 3rd period - Ryan Kesler wins face-off versus John Tavares in Montreal Canadiens zone.
13:27 of 3rd period - Ryan Kesler is hit by John Tavares.
13:37 of 3rd period - Ryan Kesler is hit by Jesper Fast and loses puck.
13:42 of 3rd period - Wrist shot by Ryan Nugent-Hopkins.
13:42 of 3rd period - Stopped by Carey Price without a rebound.
13:43 of 3rd period - Derek Stepan wins face-off versus Evan Rodrigues in Montreal Canadiens zone.
13:48 of 3rd period - Wrist shot by Alexander Radulov.
13:48 of 3rd period - Shot Blocked by Evan Rodrigues.
13:56 of 3rd period - P.K. Subban is hit by Jason Pominville and loses puck.
14:31 of 3rd period - Snap shot by Charles Hudon.
14:31 of 3rd period - Stopped by Robin Lehner with a rebound.
14:33 of 3rd period - Snap shot by Artturi Lehkonen.
14:33 of 3rd period - Shot Misses the Net.
14:35 of 3rd period - Wrist shot by Artturi Lehkonen.
14:35 of 3rd period - Stopped by Robin Lehner without a rebound.
14:36 of 3rd period - Alexander Radulov wins face-off versus Evan Rodrigues in Buffalo Sabres zone.
15:01 of 3rd period - Max Pacioretty is hit by John Tavares and loses puck.
15:30 of 3rd period - Artturi Lehkonen is hit by Zemgus Girgensons and loses puck.
16:37 of 3rd period - Wrist shot by Zemgus Girgensons.
16:37 of 3rd period - Stopped by Carey Price without a rebound.
16:38 of 3rd period - Zemgus Girgensons wins face-off versus Ryan Kesler in Montreal Canadiens zone.
16:39 of 3rd period - Wrist shot by Curtis Lazar.
16:39 of 3rd period - Stopped by Carey Price without a rebound.
16:40 of 3rd period - Zemgus Girgensons wins face-off versus Ryan Kesler in Montreal Canadiens zone.
16:41 of 3rd period - Slapshot by Curtis Lazar.
16:41 of 3rd period - Deflect By Nicolas Deslauriers.
16:41 of 3rd period - Stopped by Carey Price with a rebound.
16:43 of 3rd period - Slapshot by Brendan Guhle.
16:43 of 3rd period - Shot Misses the Net.
16:49 of 3rd period - Snap shot by Zemgus Girgensons.
16:49 of 3rd period - Shot Blocked by Mikhail Sergachev.
16:51 of 3rd period - Snap shot by Curtis Lazar.
16:51 of 3rd period - Stopped by Carey Price without a rebound.
16:52 of 3rd period - Zemgus Girgensons wins face-off versus Ryan Kesler in Montreal Canadiens zone.
17:03 of 3rd period - Slapshot by Zemgus Girgensons.
17:03 of 3rd period - Stopped by Carey Price without a rebound.
17:04 of 3rd period - Ryan Kesler wins face-off versus Zemgus Girgensons in Montreal Canadiens zone.
17:17 of 3rd period - Slapshot by Brendan Guhle.
17:17 of 3rd period - Shot Blocked by Charles Hudon.
17:23 of 3rd period - Charles Hudon is hit by Zemgus Girgensons and loses puck.
17:56 of 3rd period - Wrist shot by Tomas Plekanec.
17:56 of 3rd period - Stopped by Robin Lehner with a rebound.
18:00 of 3rd period - Snap shot by Tomas Plekanec.
18:00 of 3rd period - Stopped by Robin Lehner with a rebound.
18:02 of 3rd period - Wrist shot by Chris Wagner.
18:02 of 3rd period - Shot Misses the Net.
18:04 of 3rd period - Slapshot by Francois Beauchemin.
18:04 of 3rd period - Stopped by Robin Lehner without a rebound.
18:05 of 3rd period - Zemgus Girgensons wins face-off versus Tomas Plekanec in Buffalo Sabres zone.
18:05 of 3rd period - Zemgus Girgensons is hit by Tomas Plekanec.
18:17 of 3rd period - Snap shot by Tomas Plekanec.
18:17 of 3rd period - Shot Misses the Net.
18:19 of 3rd period - Slapshot by P.K. Subban.
18:19 of 3rd period - Deflect By Chris Wagner.
18:19 of 3rd period - Stopped by Robin Lehner without a rebound.
18:20 of 3rd period - John Tavares wins face-off versus Anthony Beauvillier in Buffalo Sabres zone.
Goals for this period are 0 for Montreal Canadiens vs 1 for Buffalo Sabres.
Shots for this period are 21 for Montreal Canadiens vs 14 for Buffalo Sabres.

Overtime #1


0:01 of 1st overtime period - John Tavares wins face-off versus Brendan Gallagher in neutral zone.
0:08 of 1st overtime period - Slapshot by Brendan Guhle.
0:08 of 1st overtime period - Stopped by Carey Price without a rebound.
0:09 of 1st overtime period - John Tavares wins face-off versus Brendan Gallagher in Montreal Canadiens zone.
0:24 of 1st overtime period - Snap shot by Ryan Nugent-Hopkins.
0:24 of 1st overtime period - Goal by Ryan Nugent-Hopkins - Montreal Canadiens : 1 - Buffalo Sabres : 2.
Goals for this period are 0 for Montreal Canadiens vs 1 for Buffalo Sabres.
Shots for this period are 0 for Montreal Canadiens vs 2 for Buffalo Sabres.